cohdb
Replays
Latest Replays
All Replays
Popular Replays
Top Player Replays
Match Explorer
How It Works
Community
CoH3 Stats
Reddit
Sign in to upload your games and track your stats! →
Sign in with Steam
Match 46073694
Unlisted
Match 46073694
Overview
Messages
Build Orders
End
Royal Engineer Section
Construct Section Command Post
Selects Heavy Armor Battlegroup
Infantry Section
Infantry Section
Infantry Section
Selects Rigorous Vehicle Training
Construct Field Infirmary
Construct Platoon Command Post
Humber Armored Car
Selects Forward Repair Assembly
Vickers Machine Gun Team
Grenade Package
6-pounder Anti-tank Gun Team
Reakly
FeriG
0
0
Comments
sign in to comment!
No comments posted yet!